[ AOE2 MATCH · #463285892 ]
Team RMMagyars vs Tatars
[ REPLAY ANALYSIS · EXTRACTED FROM THE RECORDED GAME ]
Feudal
10:02
Castle
24:39
Imperial
—
| APM avg | 26.8 |
| APM peak | 65 |
| eAPM avg | 13.6 |
| Villagers / military | 87 / 73 |
Focus
⚔️ 32.7% · 🌾 67.3%
Archer ×25 · Scout Cavalry ×25 · Magyar Huszar ×16 · Spearman ×6 · Knight ×1
Feudal
—
Castle
—
Imperial
—
| APM avg | 25.6 |
| APM peak | 51 |
| eAPM avg | 13.8 |
| Villagers / military | 141 / 113 |
Focus
⚔️ 38.7% · 🌾 61.3%
Archer ×52 · Skirmisher ×34 · Spearman ×27
Feudal
9:55
Castle
23:47
Imperial
41:31
| APM avg | 29.7 |
| APM peak | 64 |
| eAPM avg | 17.1 |
| Villagers / military | 75 / 130 |
Focus
⚔️ 25.3% · 🌾 74.7%
Cavalry Archer ×61 · Scout Cavalry ×43 · Skirmisher ×19 · Spearman ×2 · Mangudai ×2 · Trebuchet (Packed) ×2
Feudal
10:20
Castle
33:01
Imperial
—
| APM avg | 23.8 |
| APM peak | 49 |
| eAPM avg | 13.1 |
| Villagers / military | 77 / 73 |
Focus
⚔️ 33.2% · 🌾 66.8%
Scout Cavalry ×20 · Spearman ×18 · Cavalry Archer ×18 · Skirmisher ×11 · Camel Scout ×4 · Militia ×2
Match map
Resources at game start + every placement click. Thick line = wall · dashed box = detected house wall. 🟡 gold · ⚪ stone · 🟢 berries · 🔶 boar · ⭕ relic
Inputs per minute
— pinatscha - - GuilleGG4142
Build order — pinatscha
First 150 of 260 actions detected
| 0:02 | Create | Villager (Male) ×4 |
| 0:03 | Build | House |
| 0:05 | Build | House |
| 1:37 | Create | Villager (Male) |
| 1:55 | Build | Lumber Camp |
| 2:09 | Create | Villager (Male) |
| 2:32 | Create | Villager (Male) |
| 2:59 | Create | Villager (Male) |
| 3:17 | Create | Villager (Male) |
| 3:39 | Build | House |
| 3:50 | Create | Villager (Male) |
| 4:21 | Build | Mill |
| 4:26 | Create | Villager (Male) |
| 4:55 | Create | Villager (Male) |
| 4:56 | Create | Villager (Male) |
| 4:56 | Create | Villager (Male) |
| 5:37 | Create | Villager (Male) |
| 6:09 | Create | Villager (Male) |
| 6:21 | Create | Villager (Male) |
| 6:45 | Build | Mining Camp |
| 7:04 | Build | House |
| 7:18 | Build | House |
| 7:40 | Create | Villager (Male) |
| 7:52 | Research | Feudal Age |
| 7:52 | Research | Feudal Age |
| 8:38 | Build | Barracks |
| 8:53 | Create | Villager (Male) |
| 10:02 | Age | Feudal Age |
| 10:15 | Build | Archery Range |
| 10:22 | Create | Villager (Male) |
| 11:01 | Build | Lumber Camp |
| 11:08 | Build | Lumber Camp |
| 11:15 | Create | Villager (Male) |
| 11:17 | Create | Archer |
| 11:18 | Create | Archer |
| 11:25 | Create | Archer |
| 11:43 | Create | Villager (Male) |
| 11:43 | Create | Villager (Male) |
| 11:49 | Create | Archer |
| 12:04 | Create | Spearman |
| 12:07 | Create | Spearman |
| 12:10 | Create | Archer |
| 12:26 | Build | Farm |
| 12:50 | Build | Blacksmith |
| 12:59 | Create | Villager (Male) |
| 13:05 | Build | House |
| 14:04 | Create | Archer |
| 14:05 | Create | Archer |
| 15:04 | Create | Villager (Male) |
| 15:05 | Create | Villager (Male) |
| 15:05 | Create | Archer |
| 15:06 | Create | Archer |
| 15:11 | Build | Mill |
| 15:16 | Build | House |
| 15:18 | Build | House |
| 15:27 | Build | Farm |
| 15:28 | Build | Farm |
| 15:30 | Build | Farm |
| 15:31 | Build | Farm |
| 15:33 | Build | Farm |
| 15:39 | Create | Villager (Male) |
| 15:41 | Create | Archer |
| 15:48 | Create | Spearman |
| 15:48 | Create | Spearman |
| 16:09 | Research | Horse Collar |
| 16:09 | Research | Double-Bit Axe |
| 16:15 | Create | Villager (Male) |
| 16:21 | Build | Palisade Wall |
| 16:51 | Create | Villager (Male) |
| 16:51 | Create | Villager (Male) |
| 17:04 | Create | Villager (Male) |
| 17:42 | Build | Farm |
| 17:43 | Create | Villager (Male) |
| 17:46 | Build | Farm |
| 18:09 | Create | Villager (Male) |
| 18:10 | Research | Loom |
| 18:13 | Build | Farm |
| 18:22 | Create | Villager (Male) |
| 18:25 | Create | Archer |
| 18:26 | Create | Archer |
| 18:38 | Create | Villager (Male) |
| 18:41 | Build | Farm |
| 19:18 | Build | Farm |
| 19:19 | Create | Spearman |
| 19:25 | Build | House |
| 19:29 | Build | House |
| 19:31 | Build | House |
| 19:45 | Build | Stable |
| 19:51 | Build | Farm |
| 20:29 | Create | Spearman |
| 20:34 | Build | House |
| 20:35 | Build | House |
| 20:36 | Build | House |
| 20:41 | Build | House |
| 20:44 | Build | House |
| 20:55 | Create | Scout Cavalry |
| 20:56 | Create | Scout Cavalry |
| 20:56 | Create | Scout Cavalry |
| 21:07 | Create | Scout Cavalry |
| 21:08 | Create | Scout Cavalry |
| 21:49 | Build | House |
| 21:53 | Build | Farm |
| 21:55 | Build | Farm |
| 21:55 | Build | Farm |
| 21:55 | Build | Farm |
| 21:55 | Build | Farm |
| 21:59 | Research | Castle Age |
| 22:04 | Create | Archer |
| 22:04 | Create | Archer |
| 22:05 | Create | Archer |
| 22:26 | Build | Farm |
| 23:00 | Create | Scout Cavalry |
| 23:01 | Create | Scout Cavalry |
| 23:34 | Build | Farm |
| 23:37 | Create | Archer |
| 23:38 | Create | Archer |
| 23:38 | Create | Archer |
| 23:40 | Create | Archer |
| 23:40 | Create | Archer |
| 23:45 | Build | House |
| 23:46 | Build | House |
| 23:47 | Build | House |
| 23:49 | Build | House |
| 23:50 | Build | House |
| 23:51 | Build | House |
| 24:06 | Create | Archer |
| 24:06 | Create | Archer |
| 24:10 | Research | Bloodlines |
| 24:11 | Create | Scout Cavalry |
| 24:39 | Age | Castle Age |
| 24:42 | Build | University |
| 24:47 | Create | Villager (Male) |
| 24:47 | Create | Villager (Male) |
| 24:48 | Create | Villager (Male) |
| 25:24 | Build | Town Center |
| 25:45 | Create | Archer |
| 25:46 | Create | Archer |
| 25:46 | Create | Archer |
| 26:09 | Build | House |
| 26:14 | Create | Villager (Male) |
| 26:14 | Create | Villager (Male) |
| 26:42 | Build | House |
| 26:46 | Create | Scout Cavalry ×5 |
| 27:21 | Create | Villager (Male) |
| 27:21 | Create | Villager (Male) |
| 28:44 | Build | Farm |
| 28:51 | Create | Villager (Male) |
| 28:51 | Create | Villager (Male) |
| 29:22 | Build | Stable |
| 29:35 | Create | Villager (Male) |
Build order — GuilleGG4142
First 150 of 280 actions detected
| 0:02 | Build | House |
| 0:04 | Build | House |
| 0:05 | Create | Villager (Male) |
| 0:06 | Create | Villager (Male) |
| 0:06 | Create | Villager (Male) |
| 0:48 | Create | Villager (Male) |
| 1:26 | Create | Villager (Male) |
| 1:53 | Build | Lumber Camp |
| 1:56 | Create | Villager (Male) |
| 1:56 | Create | Villager (Male) |
| 2:28 | Create | Villager (Male) |
| 2:29 | Create | Villager (Male) |
| 2:40 | Build | House |
| 3:01 | Create | Villager (Male) |
| 3:01 | Create | Villager (Male) |
| 3:22 | Create | Villager (Male) |
| 3:23 | Create | Villager (Male) |
| 4:15 | Create | Villager (Male) |
| 4:56 | Create | Villager (Male) |
| 4:56 | Create | Villager (Male) |
| 5:03 | Build | Mill |
| 5:21 | Create | Villager (Male) |
| 5:21 | Create | Villager (Male) |
| 6:23 | Research | Loom |
| 6:39 | Research | Feudal Age |
| 6:59 | Build | House |
| 7:17 | Build | Lumber Camp |
| 8:29 | Build | Barracks |
| 8:59 | Build | Mining Camp |
| 9:02 | Create | Villager (Male) |
| 9:02 | Create | Villager (Male) |
| 9:05 | Create | Villager (Male) |
| 9:14 | Research | Double-Bit Axe |
| 9:22 | Build | Archery Range |
| 9:27 | Build | Archery Range |
| 9:54 | Create | Villager (Male) |
| 9:55 | Create | Villager (Male) |
| 10:08 | Create | Archer |
| 10:38 | Create | Villager (Male) |
| 10:38 | Create | Villager (Male) |
| 10:42 | Build | Farm |
| 10:42 | Build | Farm |
| 10:47 | Build | Farm |
| 10:47 | Build | Farm |
| 10:53 | Create | Archer |
| 11:05 | Create | Archer |
| 11:08 | Create | Villager (Male) |
| 11:14 | Build | House |
| 11:25 | Build | House |
| 11:38 | Build | Farm |
| 11:38 | Build | Farm |
| 11:39 | Build | Farm |
| 11:51 | Create | Archer |
| 11:51 | Create | Archer |
| 12:02 | Create | Villager (Male) |
| 12:04 | Build | Farm |
| 12:12 | Create | Archer |
| 12:30 | Create | Spearman |
| 12:41 | Build | Farm |
| 12:51 | Create | Villager (Male) |
| 13:09 | Create | Spearman |
| 13:36 | Build | Palisade Wall |
| 13:52 | Build | Farm |
| 14:05 | Build | House |
| 14:07 | Build | House |
| 14:27 | Build | Palisade Wall |
| 14:43 | Create | Villager (Male) |
| 14:43 | Create | Villager (Male) |
| 14:43 | Create | Villager (Male) |
| 14:44 | Create | Villager (Male) |
| 15:00 | Build | House |
| 15:03 | Build | Palisade Wall |
| 15:08 | Create | Archer |
| 15:08 | Create | Skirmisher |
| 15:15 | Build | Farm |
| 15:32 | Create | Spearman |
| 15:32 | Create | Spearman |
| 16:02 | Build | Palisade Wall |
| 16:06 | Build | Palisade Wall |
| 16:10 | Build | Palisade Wall |
| 16:32 | Create | Archer |
| 16:32 | Create | Skirmisher |
| 16:33 | Create | Villager (Male) |
| 16:34 | Create | Villager (Male) |
| 16:36 | Build | Farm |
| 16:36 | Build | Farm |
| 16:37 | Build | Farm |
| 17:25 | Create | Villager (Male) |
| 17:26 | Create | Villager (Male) |
| 17:26 | Create | Villager (Male) |
| 18:06 | Create | Spearman |
| 18:06 | Create | Spearman |
| 18:10 | Build | Blacksmith |
| 18:12 | Build | Farm |
| 18:12 | Build | Farm |
| 18:12 | Build | Farm |
| 18:55 | Build | Farm |
| 18:56 | Build | Farm |
| 19:06 | Build | Farm |
| 19:13 | Create | Villager (Male) |
| 19:34 | Research | Castle Age |
| 19:42 | Create | Spearman |
| 19:51 | Create | Archer |
| 19:53 | Create | Archer |
| 20:21 | Create | Skirmisher |
| 20:22 | Create | Skirmisher |
| 21:12 | Create | Spearman |
| 21:47 | Create | Archer |
| 21:48 | Create | Skirmisher |
| 22:35 | Research | Crossbowman (upgrade) |
| 22:38 | Research | Pikeman (upgrade) |
| 22:39 | Create | Spearman |
| 22:39 | Create | Spearman |
| 22:52 | Research | Fletching |
| 23:14 | Create | Villager (Male) |
| 23:14 | Create | Villager (Male) |
| 23:14 | Create | Villager (Male) |
| 23:21 | Build | Town Center |
| 23:35 | Research | Bodkin Arrow |
| 23:40 | Create | Archer |
| 23:40 | Create | Archer |
| 23:55 | Create | Villager (Male) |
| 23:55 | Create | Villager (Male) |
| 24:42 | Create | Villager (Male) |
| 24:42 | Create | Villager (Male) |
| 24:42 | Create | Villager (Male) |
| 24:43 | Create | Villager (Male) |
| 24:48 | Build | Farm |
| 24:48 | Build | Farm |
| 24:56 | Create | Spearman |
| 24:57 | Create | Spearman |
| 24:57 | Research | Squires |
| 25:05 | Create | Archer ×3 |
| 25:14 | Create | Villager (Male) |
| 25:14 | Create | Villager (Male) |
| 25:14 | Create | Villager (Male) |
| 25:59 | Research | Padded Archer Armor |
| 26:17 | Create | Archer ×2 |
| 26:31 | Build | House |
| 26:33 | Build | House |
| 26:35 | Build | House |
| 27:41 | Build | House |
| 27:43 | Build | House |
| 28:45 | Create | Archer |
| 28:46 | Create | Archer |
| 28:46 | Create | Archer |
| 28:53 | Build | House |
| 28:55 | Research | Bow Saw |
| 28:59 | Create | Villager (Male) |
| 28:59 | Create | Villager (Male) |
Build order — Benedictus
First 150 of 230 actions detected
| 0:03 | Build | House |
| 0:05 | Build | House |
| 0:05 | Create | Villager (Male) |
| 0:05 | Create | Villager (Male) |
| 0:05 | Create | Villager (Male) |
| 0:06 | Create | Villager (Male) |
| 0:06 | Create | Villager (Male) |
| 1:38 | Create | Villager (Male) |
| 1:38 | Create | Villager (Male) |
| 2:28 | Create | Villager (Male) |
| 2:28 | Create | Villager (Male) |
| 2:29 | Create | Villager (Male) |
| 2:41 | Build | Lumber Camp |
| 3:27 | Create | Villager (Male) |
| 3:27 | Create | Villager (Male) |
| 3:27 | Create | Villager (Male) |
| 4:06 | Build | House |
| 4:22 | Create | Villager (Male) |
| 4:23 | Create | Villager (Male) |
| 4:55 | Build | House |
| 5:06 | Build | Mill |
| 5:10 | Create | Villager (Male) |
| 5:11 | Create | Villager (Male) |
| 6:26 | Create | Villager (Male) |
| 6:26 | Create | Villager (Male) |
| 7:01 | Create | Villager (Male) |
| 7:45 | Research | Feudal Age |
| 7:52 | Build | Mining Camp |
| 8:29 | Create | Villager (Male) |
| 9:07 | Build | Barracks |
| 9:24 | Research | Loom |
| 9:55 | Age | Feudal Age |
| 10:13 | Build | Stable |
| 11:05 | Create | Villager (Male) |
| 11:05 | Create | Villager (Male) |
| 11:05 | Create | Villager (Male) |
| 11:07 | Create | Scout Cavalry |
| 11:08 | Create | Scout Cavalry |
| 11:12 | Build | House |
| 11:17 | Build | Palisade Wall |
| 11:25 | Create | Villager (Male) |
| 11:42 | Build | House |
| 11:49 | Build | Palisade Wall |
| 12:23 | Research | Horse Collar |
| 12:25 | Research | Double-Bit Axe |
| 12:29 | Create | Scout Cavalry |
| 12:29 | Create | Scout Cavalry |
| 12:38 | Research | Bloodlines |
| 12:57 | Build | Farm |
| 13:00 | Build | Farm |
| 13:02 | Build | Farm |
| 13:04 | Build | Farm |
| 13:08 | Build | Farm |
| 13:12 | Create | Villager (Male) |
| 13:12 | Create | Villager (Male) |
| 13:16 | Create | Scout Cavalry |
| 13:47 | Build | Blacksmith |
| 13:51 | Build | Palisade Wall |
| 13:56 | Create | Villager (Male) |
| 14:00 | Build | Farm |
| 14:54 | Create | Villager (Male) |
| 14:55 | Create | Villager (Male) |
| 15:01 | Build | Farm |
| 15:03 | Build | Farm |
| 15:07 | Build | Farm |
| 15:09 | Build | Farm |
| 15:30 | Create | Scout Cavalry |
| 15:31 | Create | Scout Cavalry |
| 15:51 | Build | House |
| 15:56 | Build | House |
| 16:01 | Build | Watch Tower |
| 16:45 | Create | Villager (Male) |
| 16:45 | Create | Villager (Male) |
| 16:46 | Research | Wheelbarrow |
| 17:02 | Build | Farm |
| 17:03 | Build | Farm |
| 17:23 | Create | Scout Cavalry |
| 17:23 | Create | Scout Cavalry |
| 17:43 | Build | Archery Range |
| 18:37 | Build | Farm |
| 18:43 | Build | Palisade Wall |
| 18:49 | Build | Palisade Wall |
| 19:03 | Build | Palisade Wall |
| 19:08 | Create | Villager (Male) |
| 19:08 | Create | Villager (Male) |
| 19:08 | Create | Villager (Male) |
| 19:15 | Build | Farm |
| 19:18 | Build | Farm |
| 19:25 | Build | Farm |
| 19:28 | Build | Farm |
| 19:40 | Build | Farm |
| 19:42 | Build | Farm |
| 19:44 | Build | Farm |
| 20:27 | Create | Spearman |
| 20:27 | Create | Spearman |
| 20:35 | Create | Skirmisher |
| 20:35 | Create | Skirmisher |
| 21:06 | Create | Scout Cavalry |
| 21:07 | Research | Castle Age |
| 21:53 | Create | Scout Cavalry |
| 21:53 | Create | Scout Cavalry |
| 21:53 | Create | Scout Cavalry |
| 21:57 | Create | Skirmisher |
| 21:57 | Create | Skirmisher |
| 22:11 | Build | Palisade Wall |
| 22:22 | Build | House |
| 22:23 | Build | House |
| 22:25 | Build | House |
| 22:36 | Build | House |
| 23:35 | Build | House |
| 23:38 | Create | Villager (Male) |
| 23:39 | Create | Villager (Male) |
| 23:45 | Build | Market |
| 23:47 | Age | Castle Age |
| 23:50 | Build | House |
| 23:52 | Build | House |
| 23:53 | Build | House |
| 23:54 | Build | House |
| 24:04 | Research | Bow Saw |
| 24:06 | Research | Heavy Plow |
| 24:10 | Research | Husbandry |
| 24:12 | Research | Light Cavalry (upgrade) |
| 24:34 | Build | Outpost |
| 24:37 | Research | Gold Mining |
| 24:38 | Create | Villager (Male) |
| 24:38 | Create | Villager (Male) |
| 24:38 | Create | Villager (Male) |
| 24:40 | Research | Scale Barding Armor |
| 25:19 | Build | Town Center |
| 25:59 | Build | Town Center |
| 26:03 | Create | Villager (Male) |
| 26:04 | Create | Villager (Male) |
| 26:04 | Create | Villager (Male) |
| 26:04 | Create | Villager (Male) |
| 26:05 | Create | Villager (Male) |
| 26:30 | Build | Lumber Camp |
| 26:32 | Create | Villager (Male) |
| 26:32 | Create | Villager (Male) |
| 26:35 | Build | Farm |
| 27:34 | Research | Hand Cart |
| 27:35 | Create | Villager (Male) |
| 27:35 | Create | Villager (Male) |
| 27:39 | Create | Villager (Male) |
| 27:43 | Create | Villager (Male) |
| 27:44 | Create | Villager (Male) |
| 27:51 | Research | Fletching |
| 28:04 | Build | Archery Range |
| 28:24 | Research | Gold Shaft Mining |
| 28:38 | Build | House |
| 28:39 | Build | House |
Build order — KARCAMAN254
First 150 of 213 actions detected
| 0:04 | Build | House |
| 0:04 | Create | Villager (Male) |
| 0:05 | Create | Villager (Male) |
| 0:07 | Build | House |
| 0:20 | Create | Villager (Male) |
| 0:20 | Create | Villager (Male) |
| 1:33 | Create | Villager (Male) |
| 1:33 | Create | Villager (Male) |
| 2:01 | Build | Lumber Camp |
| 2:22 | Create | Villager (Male) |
| 2:22 | Create | Villager (Male) |
| 2:33 | Create | Villager (Male) |
| 2:56 | Create | Villager (Male) |
| 2:57 | Create | Villager (Male) |
| 3:26 | Build | House |
| 3:34 | Create | Villager (Male) |
| 3:34 | Create | Villager (Male) |
| 4:47 | Create | Villager (Male) |
| 5:00 | Build | Mill |
| 5:21 | Create | Villager (Male) |
| 5:21 | Create | Villager (Male) |
| 5:58 | Create | Villager (Male) |
| 5:58 | Create | Villager (Male) |
| 6:25 | Create | Villager (Male) |
| 6:25 | Create | Villager (Male) |
| 7:26 | Build | House |
| 7:36 | Research | Loom |
| 8:10 | Research | Feudal Age |
| 8:54 | Create | Villager (Male) |
| 8:55 | Create | Villager (Male) |
| 9:11 | Build | Barracks |
| 9:28 | Create | Villager (Male) |
| 10:20 | Age | Feudal Age |
| 10:30 | Build | House |
| 10:43 | Research | Double-Bit Axe |
| 11:11 | Build | Farm |
| 11:12 | Build | Farm |
| 11:14 | Build | Farm |
| 11:26 | Build | Stable |
| 11:36 | Build | Farm |
| 11:41 | Build | Farm |
| 11:42 | Create | Villager (Male) |
| 11:43 | Create | Villager (Male) |
| 11:43 | Create | Villager (Male) |
| 11:43 | Create | Villager (Male) |
| 11:44 | Create | Villager (Male) |
| 12:15 | Build | Blacksmith |
| 12:27 | Build | Palisade Wall |
| 12:31 | Create | Scout Cavalry |
| 12:31 | Create | Scout Cavalry |
| 12:35 | Create | Villager (Male) |
| 12:35 | Create | Villager (Male) |
| 13:12 | Build | Farm |
| 13:13 | Build | Farm |
| 13:13 | Build | Farm |
| 13:13 | Build | Farm |
| 13:14 | Build | Farm |
| 13:24 | Build | Farm |
| 13:26 | Create | Spearman |
| 13:26 | Create | Spearman |
| 13:55 | Build | House |
| 14:00 | Build | Watch Tower |
| 14:13 | Create | Militia |
| 14:13 | Create | Militia |
| 14:30 | Create | Spearman |
| 14:34 | Create | Spearman |
| 14:35 | Create | Spearman |
| 14:35 | Create | Spearman |
| 14:39 | Build | House |
| 14:41 | Build | House |
| 14:42 | Build | House |
| 15:45 | Create | Scout Cavalry |
| 15:45 | Create | Scout Cavalry |
| 15:45 | Create | Scout Cavalry |
| 16:06 | Create | Spearman |
| 16:23 | Build | Palisade Wall |
| 17:12 | Research | Scale Barding Armor |
| 17:20 | Build | Archery Range |
| 17:34 | Create | Villager (Male) |
| 17:34 | Create | Villager (Male) |
| 17:35 | Create | Villager (Male) |
| 17:35 | Create | Villager (Male) |
| 17:50 | Create | Scout Cavalry |
| 17:51 | Create | Scout Cavalry |
| 17:51 | Create | Scout Cavalry |
| 18:05 | Build | Lumber Camp |
| 18:33 | Build | Archery Range |
| 19:09 | Build | Farm |
| 19:09 | Build | Farm |
| 19:12 | Build | Farm |
| 19:13 | Build | Farm |
| 19:14 | Build | Farm |
| 19:28 | Create | Skirmisher |
| 19:28 | Create | Skirmisher |
| 19:28 | Create | Skirmisher |
| 19:32 | Build | Farm |
| 19:33 | Build | Farm |
| 19:35 | Build | Farm |
| 19:50 | Research | Horse Collar |
| 19:52 | Research | Town Watch |
| 19:54 | Create | Villager (Male) |
| 19:54 | Create | Villager (Male) |
| 19:54 | Create | Villager (Male) |
| 19:55 | Create | Villager (Male) |
| 20:06 | Build | Farm |
| 20:13 | Build | Mining Camp |
| 21:41 | Create | Scout Cavalry |
| 21:41 | Create | Scout Cavalry |
| 21:42 | Create | Villager (Male) |
| 21:42 | Create | Villager (Male) |
| 22:03 | Build | Mining Camp |
| 22:08 | Create | Skirmisher |
| 22:08 | Create | Skirmisher |
| 22:09 | Create | Skirmisher |
| 22:24 | Build | Farm |
| 22:45 | Create | Spearman ×5 |
| 23:18 | Create | Spearman |
| 23:34 | Create | Scout Cavalry |
| 23:35 | Create | Scout Cavalry |
| 23:54 | Create | Villager (Male) |
| 23:55 | Create | Villager (Male) |
| 23:55 | Create | Villager (Male) |
| 23:55 | Create | Villager (Male) |
| 24:32 | Create | Spearman |
| 24:32 | Create | Spearman |
| 25:23 | Build | Lumber Camp |
| 25:37 | Create | Villager (Male) |
| 25:38 | Create | Villager (Male) |
| 26:00 | Create | Villager (Male) |
| 26:00 | Create | Villager (Male) |
| 26:06 | Create | Skirmisher ×5 |
| 26:19 | Build | Farm |
| 26:44 | Build | House |
| 26:45 | Build | House |
| 26:47 | Build | House |
| 27:17 | Build | Farm |
| 27:29 | Build | Farm |
| 27:56 | Create | Scout Cavalry |
| 27:56 | Create | Scout Cavalry |
| 28:19 | Create | Villager (Male) |
| 28:19 | Create | Villager (Male) |
| 28:24 | Research | Gold Mining |
| 28:31 | Create | Scout Cavalry ×5 |
| 29:08 | Create | Spearman |
| 29:08 | Create | Spearman |
| 29:08 | Create | Spearman |
| 30:21 | Research | Castle Age |
| 30:22 | Research | Castle Age |
| 30:59 | Create | Scout Cavalry |
| 31:02 | Build | House |
Match timeline
| 8:29 | GuilleGG4142 · first_building Barracks |
| 8:38 | pinatscha · first_building Barracks |
| 9:07 | Benedictus · first_building Barracks |
| 9:11 | KARCAMAN254 · first_building Barracks |
| 9:22 | GuilleGG4142 · first_building Archery Range |
| 9:55 | Benedictus · age_up feudal |
| 10:02 | pinatscha · age_up feudal |
| 10:13 | Benedictus · first_building Stable |
| 10:15 | pinatscha · first_building Archery Range |
| 10:20 | KARCAMAN254 · age_up feudal |
| 11:17 | Benedictus · wall_segment Palisade Wall x1 |
| 11:26 | KARCAMAN254 · first_building Stable |
| 11:49 | Benedictus · wall_segment Palisade Wall x2 |
| 12:27 | KARCAMAN254 · wall_segment Palisade Wall x2 |
| 13:36 | GuilleGG4142 · wall_segment Palisade Wall x1 |
| 13:51 | Benedictus · wall_segment Palisade Wall x1 |
| 14:27 | GuilleGG4142 · wall_segment Palisade Wall x1 |
| 15:03 | GuilleGG4142 · wall_segment Palisade Wall x1 |
| 16:02 | GuilleGG4142 · wall_segment Palisade Wall x1 |
| 16:06 | GuilleGG4142 · wall_segment Palisade Wall x1 |
| 16:10 | GuilleGG4142 · wall_segment Palisade Wall x1 |
| 16:21 | pinatscha · wall_segment Palisade Wall x2 |
| 16:23 | KARCAMAN254 · wall_segment Palisade Wall x1 |
| 17:20 | KARCAMAN254 · first_building Archery Range |
| 17:43 | Benedictus · first_building Archery Range |
| 18:43 | Benedictus · wall_segment Palisade Wall x1 |
| 18:49 | Benedictus · wall_segment Palisade Wall x1 |
| 19:03 | Benedictus · wall_segment Palisade Wall x18 |
| 19:45 | pinatscha · first_building Stable |
| 22:11 | Benedictus · wall_segment Palisade Wall x1 |
| 23:47 | Benedictus · age_up castle |
| 24:39 | pinatscha · age_up castle |
| 25:02 | Benedictus · first_market_buy 100 stone |
| 28:55 | Benedictus · wall_segment Palisade Wall x14 |
| 31:17 | pinatscha · first_building Castle |
| 33:01 | KARCAMAN254 · age_up castle |
| 34:41 | KARCAMAN254 · first_building Castle |
| 35:53 | Benedictus · first_building Monastery |
| 38:03 | Benedictus · first_building Castle |
| 40:53 | GuilleGG4142 · first_building Castle |
| 41:31 | Benedictus · age_up imperial |
| 43:16 | GuilleGG4142 · resign |
[ AI ANALYSIS · 1 CREDIT ]
What really happened in this match?
Wolo.gg analyzes every decision: build order, eco, micro, common mistakes by bracket. Personalized analysis on WhatsApp or Discord in 30 seconds.
Civ guide
Magyars
Map guide
Arabia
Perfil
pinatscha